[Event "Early-Titled-Tuesday-Blitz-December-26-2023"]
[Site "Chess.com"]
[Date "2023.12.26"]
[Round "8"]
[White "Bauman_Guy"]
[Black "wonderfultime"]
[Result "1-0"]
[WhiteElo "2920"]
[BlackElo "3010"]
[TimeControl "180+1"]
[EndTime "9:28:20 PST"]
[Termination "Bauman_Guy won by resignation"]

1. e4 e5 2. Nf3 Nc6 3. Bb5 a6 4. Ba4 Bc5 5. Nc3 Nge7 6. d3 Ng6 7. Be3 Ba7 8. O-O O-O 9. Nd5 d6 10. c3 Bd7 11. d4 Re8 12. Bc2 Bg4 13. Kh1 Nh4 14. Rg1 Qd7 15. Bg5 Ng6 16. Ne3 exd4 17. cxd4 Nxd4 18. Nxg4 Qxg4 19. Nxd4 Qxg5 20. g3 Qf6 21.
Nf5 Ne7 22. Rf1 Nxf5 23. exf5 Qxb2 24. Rb1 Qc3 25. Kg2 Qc6+ 26. Kg1 b5 27. Bb3 Qd7 28. f6 g6 29. Qf3 Re5 30. Qxa8+ 1-0

[Event "Early-Titled-Tuesday-Blitz-December-26-2023"]
[Site "Chess.com"]
[Date "2023.12.26"]
[Round "8"]
[White "albi1999"]
[Black "deribas12345"]
[Result "1-0"]
[WhiteElo "2678"]
[BlackElo "2540"]
[TimeControl "180+1"]
[EndTime "9:28:21 PST"]
[Termination "albi1999 won on time"]

1. e4 e6 2. d4 d5 3. Nc3 Nf6 4. Qd3 Bb4 5. e5 Ne4 6. Ne2 c5 7. a3 Bxc3+ 8. bxc3 cxd4 9. cxd4 f6 10. f3 Ng5 11.
Ng3 O-O 12. f4 Ne4 13. Nxe4 dxe4 14. Qxe4 f5 15. Qd3 Nc6 16. Be3 b6 17. Be2 Bb7 18. Bf3 Rc8 19. c4 Ba6 20. d5 Na5 21. d6 Bxc4 22. Qd1 Qd7 23. Kf2 Bb3 24. Qd3 Rc2+ 25.
Kg3 Qf7 26. h3 g5 27. Rhc1 gxf4+ 28. Bxf4 Rxc1 29. Rxc1 Bd5 30. Rc7 Qg6+ 31. Kh2 Bxf3 32. Qxf3 Rf7 33. d7 Rf8 34. Rc8 1-0

[Event "Early-Titled-Tuesday-Blitz-December-26-2023"]
[Site "Chess.com"]
[Date "2023.12.26"]
[Round "8"]
[White "jcmesafischer"]
[Black "Ezov"]
[Result "0-1"]
[WhiteElo "2327"]
[BlackElo "2164"]
[TimeControl "180+1"]
[EndTime "9:28:25 PST"]
[Termination "Ezov won on time"]

1. e4 e6 2. Qe2 d5 3. exd5 Nf6 4. Nf3 Be7 5. dxe6 Bxe6 6. Qb5+ Nbd7 7. Nc3 b6 8. Nd4 O-O 9. Nxe6 fxe6 10. Bc4 Nc5 11. Qc6 Bd6 12. b4 Ncd7 13. Bb2 Ne5 14. Qb5 a6 15. Bxe6+ Kh8 16. Qe2 Re8 17. Bf5 Nc4 18. O-O-O Rxe2 19. Nxe2 Nxb2 20. Kxb2 Bxb4 21. c3 Bd6 22. f3 b5 23. Nd4 b4 24. Rhe1 bxc3+ 25.
dxc3 Rb8+ 26. Kc2 Ba3 27. Rb1 Rxb1 28. Rxb1 g6 29. Nc6 Qd5 30. Rb8+ Kg7 31. Bd3 Qxc6 32. Rb3 Bd6 33. h3 a5 34. Kb2 a4 35. Rb8 a3+ 36. Kb3 Be5 37. Bc4 Nd5 38. Bxd5 Qxd5+ 39. Kxa3 Bxc3 0-1

[Event "Early-Titled-Tuesday-Blitz-December-26-2023"]
[Site "Chess.com"]
[Date "2023.12.26"]
[Round "8"]
[White "Fischerev7"]
[Black "SharapovEvgeny"]
[Result "1-0"]
[WhiteElo "2407"]
[BlackElo "2553"]
[TimeControl "180+1"]
[EndTime "9:28:27 PST"]
[Termination "Fischerev7 won by resignation"]

1. e4 c5 2. Nf3 d6 3. d4 cxd4 4. Nxd4 Nf6 5. Nc3 Nc6 6. Bg5 e6 7. Qd2 Be7 8. f4 O-O 9. O-O-O Nxd4 10. Qxd4 Qa5 11. e5 dxe5 12. fxe5 Nd5 13. Bxe7 Nxe7 14. Bd3 Nc6 15. Qe4 g6 16. Rhe1 Nb4 17. a3 Nxd3+ 18. Rxd3 f5 19. Qf4 b5 20. Red1 Rb8 21. Qb4 Qxb4 22. axb4 Bb7 23. g3 a6 24. Rd6 Rfe8 25. Rd7 Bc6 26. Rc7 Rbc8 27. Ra7 Bf3 28. Rdd7 Red8 29. Rg7+ Kf8 30. Rxh7 Kg8 31. Rag7+ Kf8 32.
Rxg6 Rc4 33. Rxe6 Rcd4 34. Rh8+ Kf7 35. Rf6+ Ke7 36. Rxd8 Rxd8 37. Rxf5 Bg4 38. Rf6 Rd4 39. Rf4 Rxf4 40. gxf4 Ke6 41. Kd2 Kf5 42. Ke3 1-0

[Event "Early-Titled-Tuesday-Blitz-December-26-2023"]
[Site "Chess.com"]
[Date "2023.12.26"]
[Round "8"]
[White "a-z30"]
[Black "IlanSchnaider"]
[Result "0-1"]
[WhiteElo "2492"]
[BlackElo "2678"]
[TimeControl "180+1"]
[EndTime "9:28:30 PST"]
[Termination "IlanSchnaider won on time"]

1. d3 d5 2. Nf3 Nf6 3. g3 g6 4. Bg2 Bg7 5. O-O O-O 6. c4 Nc6 7. cxd5 Nxd5 8. Nc3 Nxc3 9. bxc3 Bxc3 10. Rb1 b6 11.
Bh6 Bg7 12. Bxg7 Kxg7 13. Ne5 Nxe5 14. Bxa8 c6 15. d4 Bh3 16. dxe5 Bxf1 17. Bxc6 Qxd1 18. Rxd1 Bxe2 19. Rd7 Rc8 20. Bd5 Rc1+ 21. Kg2 Rd1 22. f4 Bb5 23. Rxe7 Rxd5 24. e6 Kf6 25. Rxf7+ Kxe6 26. Rxa7 Rd2+ 27. Kh3 h5 28. Rb7 Kf5 0-1

[Event "Early-Titled-Tuesday-Blitz-December-26-2023"]
[Site "Chess.com"]
[Date "2023.12.26"]
[Round "8"]
[White "Cheer_Down"]
[Black "disciplinedbrat"]
[Result "1-0"]
[WhiteElo "2496"]
[BlackElo "2306"]
[TimeControl "180+1"]
[EndTime "9:28:34 PST"]
[Termination "Cheer_Down won by checkmate"]

1. d4 a5 2. e4 b6 3. Bd3 Bb7 4. Nf3 e6 5. O-O d5 6. exd5 exd5 7. Re1+ Be7 8. c4 Nf6 9. Nc3 O-O 10. a3 Nc6 11. Bg5 dxc4 12. Bxc4 h6 13. Bh4 a4 14. Rc1 Na5 15. Ba2 Re8 16. Ne5 Nb3 17.
Bxb3 axb3 18. Qxb3 Nd5 19. Bg3 Nxc3 20. Qxf7+ Kh7 21.
Qg6+ Kg8 22. bxc3 Qd5 23. f3 Bxa3 24. Ra1 Bb2 25. Rxa8 Rxa8 26. Ng4 Qg5 27. Qxg5 hxg5 28. Re7 Bxc3 29. Be5 Ra1+ 30. Kf2 Be1+ 31. Ke3 Ra2 32. Rxg7+ Kf8 33. Rxc7 Ba6 34. Ke4 Re2+ 35. Kf5 Bd2 36.
Kf6 Ke8 37. Nh6 Kd8 38. Ra7 Bc4 39. Nf5 Rxg2 40. Bc7+ Kc8 41. Nd6+ Kd7 42. Nxc4 Kc6 43. Bxb6 Rxh2 44. Bc5 Bc3 45. Ne5+ Kd5 46. Rd7# 1-0

[Event "Early-Titled-Tuesday-Blitz-December-26-2023"]
[Site "Chess.com"]
[Date "2023.12.26"]
[Round "8"]
[White "defenceboy"]
[Black "jeetjain"]
[Result "1-0"]
[WhiteElo "2799"]
[BlackElo "2578"]
[TimeControl "180+1"]
[EndTime "9:28:36 PST"]
[Termination "defenceboy won by resignation"]

1. e4 c6 2. Nf3 g6 3. d4 d5 4. Nc3 Bg7 5. h3 h5 6. Bg5 Nh6 7. Bd3 dxe4 8. Nxe4 Bf5 9. Qe2 Qa5+ 10. c3 Qc7 11. O-O-O Bxe4 12. Qxe4 e6 13. g4 Nd7 14. gxh5 gxh5 15. Rhg1 Bf8 16. Kb1 Nf5 17. Qe2 Ne7 18. Qd2 O-O-O 19. Bf4 Qb6 20. Ng5 e5 21.
Be3 Nd5 22. Nxf7 Be7 23. Nxh8 Rxh8 24. dxe5 Nxe3 25. Qxe3 Nc5 26. Rg7 Bf8 27. Bf5+ Kb8 28. Rf7 a5 29. e6 Ka7 30. e7 Bxe7 31. Rxe7 1-0

[Event "Early-Titled-Tuesday-Blitz-December-26-2023"]
[Site "Chess.com"]
[Date "2023.12.26"]
[Round "8"]
[White "SaqoChess_Twitch"]
[Black "ljuks68"]
[Result "1-0"]
[WhiteElo "2651"]
[BlackElo "2520"]
[TimeControl "180+1"]
[EndTime "9:28:39 PST"]
[Termination "SaqoChess_Twitch won on time"]

1. d4 d5 2. c4 c6 3. Nc3 Nf6 4. e3 e6 5. Nf3 Nbd7 6. Bd3 dxc4 7. Bxc4 b5 8. Bd3 a6 9. e4 c5 10. e5 cxd4 11. Nxb5 axb5 12. exf6 gxf6 13. O-O Bb7 14. Bxb5 Rg8 15. g3 e5 16. Nxd4 Qb6 17. Re1 Bc5 18.
Bxd7+ Kxd7 19. Nb3+ Ke7 20. Nxc5 Qxc5 21. Bd2 Qc6 22.
f3 Qxf3 23. Bb4+ Ke8 24. Qxf3 Bxf3 25. Re3 Bb7 26. a4 Rg4 27. Ba3 Rgxa4 28. Rf1 Re4 29. Rxe4 Bxe4 30. Rxf6 Rd8 31. Kf2 Bg6 32. Ke2 Rc8 33.
Kd2 Rc2+ 34. Ke3 Rxh2 35. Ra6 Rg2 36. Kf3 Rc2 37. Ra8+ Kd7 38. Ra7+ Ke6 39. Ra6+ Kf5 40. g4+ Kg5 41. Be7+ f6 42. Bxf6+ Kh6 43. Ra1 Bd3 44. Bxe5 Kg6 45. Ra3 Bc4 46. Ra7 Bd5+ 47. Kg3 Rc4 48.
Rg7+ Kh6 49. Rd7 Kg6 50. Rd6+ 1-0

[Event "Early-Titled-Tuesday-Blitz-December-26-2023"]
[Site "Chess.com"]
[Date "2023.12.26"]
[Round "8"]
[White "hsd2016"]
[Black "Kotofeyca"]
[Result "0-1"]
[WhiteElo "2244"]
[BlackElo "2418"]
[TimeControl "180+1"]
[EndTime "9:28:39 PST"]
[Termination "Kotofeyca won on time"]

1. e4 c5 2. Nf3 d6 3. d4 cxd4 4. Nxd4 Nf6 5. Nc3 a6 6. Rg1 Nc6 7. g4 Nxd4 8. Qxd4 Bxg4 9. Rxg4 Nxg4 10. Qa4+ b5 11. Nxb5 e6 12. Nc7+ Ke7 13. Nxa8 Qxa8 14. Bd2 Qa7 15. O-O-O Nxf2 16. Re1 Ng4 17. Bb4 Qf2 18.
Qxa6 Kf6 19. Bh3 Kg6 20. Bxg4 Qf4+ 21. Kb1 Qxg4 22. Bxd6 Bxd6 23. Qxd6 Rc8 24. e5 Qg2 25. Qd3+ Kh6 26. a4 g5 27. a5 Rc5 28. a6 Ra5 0-1

[Event "Early-Titled-Tuesday-Blitz-December-26-2023"]
[Site "Chess.com"]
[Date "2023.12.26"]
[Round "8"]
[White "KVAIDAN"]
[Black "DrCeltic"]
[Result "1-0"]
[WhiteElo "2361"]
[BlackElo "2502"]
[TimeControl "180+1"]
[EndTime "9:28:40 PST"]
[Termination "KVAIDAN won on time"]

1. f4 b6 2. Nf3 Bb7 3. d3 Bxf3 4. exf3 Nf6 5. Nc3 e6 6. g3 Be7 7. Bg2 O-O 8. O-O Nc6 9. Ne4 d5 10. Nxf6+ Bxf6 11. c3 a5 12. d4 b5 13. Qd3 Rb8 14.
f5 e5 15. dxe5 Nxe5 16. Qc2 b4 17. Rd1 c6 18. Bf4 Qb6+ 19. Kh1 Rbd8 20. cxb4 axb4 21. Bxe5 Bxe5 22. f4 Bf6 23. Rac1 Rc8 24. Bxd5 c5 25. g4 h6 26. Qg2 Bd4 27. g5 Kh8 28. f6 gxf6 29. Qh3 fxg5 30. Rxd4 Rcd8 31. Rdd1 gxf4 32. Qh4 Qg6 33. Rg1 Qd6 34. Be4 Rg8 35. Rcf1 f5 36.
Bf3 Rde8 37. Qh5 1-0

[Event "Early-Titled-Tuesday-Blitz-December-26-2023"]
[Site "Chess.com"]
[Date "2023.12.26"]
[Round "8"]
[White "rquery98"]
[Black "JimDiGrease"]
[Result "1-0"]
[WhiteElo "2775"]
[BlackElo "2958"]
[TimeControl "180+1"]
[EndTime "9:28:41 PST"]
[Termination "rquery98 won by checkmate"]

1. Nf3 d5 2. g3 Nf6 3. Bg2 c5 4. O-O e6 5. d3 Nc6 6. Nbd2 g6 7. e4 Bg7 8. Qe2 O-O 9. Re1 a5 10. Nf1 b5 11. e5 Nd7 12. Bf4 a4 13. a3 Ba6 14. h4 b4 15. Qd2 c4 16. d4 c3 17.
bxc3 bxa3 18. Rxa3 Nb6 19. Raa1 Nc4 20. Qc1 Bb5 21.
Bh6 a3 22. N1h2 f5 23. exf6 Qxf6 24. Ng4 Qf5 25. Bxg7 Kxg7 26. Qh6+ Kg8 27. Ng5 Ra7 28. Rxe6 Rg7 29. Bh3 Kh8 30. Nf6 Qxf6 31. Rxf6 Rxf6 32.
Re1 Re7 33. Rxe7 Nxe7 34. Qxh7# 1-0

[Event "Early-Titled-Tuesday-Blitz-December-26-2023"]
[Site "Chess.com"]
[Date "2023.12.26"]
[Round "8"]
[White "BardArtem"]
[Black "sheldons73tshirt"]
[Result "0-1"]
[WhiteElo "2682"]
[BlackElo "2612"]
[TimeControl "180+1"]
[EndTime "9:28:41 PST"]
[Termination "sheldons73tshirt won on time"]

1. e4 c6 2. d4 d5 3. e5 Bf5 4. h4 h5 5. Bd3 Bxd3 6. Qxd3 Qa5+ 7. Nd2 Qa6 8. c4 e6 9. Ngf3 Bb4 10. O-O Bxd2 11.
Nxd2 Ne7 12. b3 Nf5 13. a4 O-O 14. Ba3 Rd8 15. Nf3 Nd7 16. Rfc1 dxc4 17. bxc4 Nb6 18.
a5 Nd7 19. Qe4 Nf8 20. Bxf8 Kxf8 21. d5 cxd5 22. cxd5 Rxd5 23. Rc7 Kg8 24. Ng5 Rf8 25.
Rac1 Qxa5 26. Qc4 Rd4 27. Qb3 Qb4 28. Qxb4 Rxb4 29. g3 a5 30. Rd7 a4 31. Rcc7 a3 32. Rxb7 a2 33. Rxb4 a1=Q+ 34. Kg2 Qxe5 35. Rg4 hxg4 0-1

[Event "Early-Titled-Tuesday-Blitz-December-26-2023"]
[Site "Chess.com"]
[Date "2023.12.26"]
[Round "8"]
[White "Zavgorodniy_Sergiy"]
[Black "Drags95"]
[Result "0-1"]
[WhiteElo "2624"]
[BlackElo "2800"]
[TimeControl "180+1"]
[EndTime "9:28:42 PST"]
[Termination "Drags95 won by checkmate"]

1. d4 d5 2. c4 c6 3. e3 Nf6 4. Bd3 e5 5. Nc3 e4 6. Bc2 Bb4 7. f3 O-O 8. fxe4 Nxe4 9. Ne2 Qh4+ 10. g3 Qh3 11. Bxe4 dxe4 12. Nf4 Bxc3+ 13. bxc3 Qh6 14. O-O Nd7 15. Ba3 Re8 16. Qd2 b6 17. Qf2 Nf6 18. h4 Bg4 19. Bd6 Bf3 20. Qd2 Ng4 21. c5 Rad8 22. Rae1 Rd7 23. a4 Qf6 24. Nh3 Qf5 25.
Ng5 h6 26. Nxf3 exf3 27. Bf4 f2+ 28. Rxf2 Nxf2 29. Qxf2 bxc5 30. Qf3 cxd4 31. Qxc6 dxe3 32. Rxe3 Rxe3 33. Bxe3 Rd1+ 34. Kh2 Kh7 35. Bd4 Rd2+ 36. Kg1 Qb1# 0-1

[Event "Early-Titled-Tuesday-Blitz-December-26-2023"]
[Site "Chess.com"]
[Date "2023.12.26"]
[Round "8"]
[White "SahibSinghKnight"]
[Black "TitarovVasiliYouTube"]
[Result "1-0"]
[WhiteElo "2687"]
[BlackElo "2549"]
[TimeControl "180+1"]
[EndTime "9:28:43 PST"]
[Termination "SahibSinghKnight won by resignation"]

1. e4 c5 2. c3 Nf6 3. e5 Nd5 4. Nf3 d6 5. d4 cxd4 6. Bc4 Nb6 7. Bb3 Nc6 8. cxd4 d5 9. O-O e6 10. Nc3 Be7 11. Bc2 O-O 12. Qd3 g6 13. a3 Bd7 14.
Bh6 Re8 15. g3 Rc8 16. h4 Nc4 17. Rab1 a6 18. Ne2 N6a5 19. a4 Nc6 20. Ng5 Nb4 21. Qf3 f6 22. Nxh7 Kxh7 23. Bxg6+ Kxg6 24. Nf4+ Kxh6 25. Qh5+ Kg7 26. Qg6+ Kh8 27. Nh5 Bf8 28. Nxf6 Qxf6 29. exf6 Nd6 30. f7 Nxf7 31. Qxf7 Bg7 32. Qxd7 Bxd4 33. Qxb7 Nd3 34. Qf7 Rf8 35. Qh5+ Kg7 36.
Qg4+ Kh8 37. Qxd4+ 1-0

[Event "Early-Titled-Tuesday-Blitz-December-26-2023"]
[Site "Chess.com"]
[Date "2023.12.26"]
[Round "8"]
[White "Romn69"]
[Black "MikeSailer"]
[Result "0-1"]
[WhiteElo "2362"]
[BlackElo "2198"]
[TimeControl "180+1"]
[EndTime "9:28:43 PST"]
[Termination "MikeSailer won on time"]

1. d4 d5 2. Nf3 Nf6 3. c4 Bf5 4. Qb3 e6 5. cxd5 exd5 6. Nc3 Nc6 7. Bg5 Bb4 8. e3 O-O 9. Bb5 Bxc3+ 10. bxc3 Na5 11.
Qd1 c6 12. Be2 Qd6 13. O-O Ne4 14. Bf4 Qa3 15. Bd3 Nxc3 16. Qc2 Bxd3 17. Qxd3 Nb5 18.
Qf5 Qe7 19. Ng5 g6 20. Qh3 h5 21. Rae1 Nd6 22. g4 f6 23. Nf3 hxg4 24. Qxg4 Kg7 25. Nh4 Rg8 26. Qxg6+ Kf8 27. Bh6+ Rg7 0-1

[Event "Early-Titled-Tuesday-Blitz-December-26-2023"]
[Site "Chess.com"]
[Date "2023.12.26"]
[Round "8"]
[White "Slovak_fighter2000"]
[Black "AsaHoffmann"]
[Result "0-1"]
[WhiteElo "2491"]
[BlackElo "2348"]
[TimeControl "180+1"]
[EndTime "9:28:44 PST"]
[Termination "AsaHoffmann won by checkmate"]

1. d4 Nf6 2. Bg5 e6 3. Nf3 d6 4. Nbd2 Be7 5. e4 b6 6. Bd3 Bb7 7. Qe2 Nbd7 8. c3 e5 9. O-O O-O 10. a4 a5 11. Nc4 h6 12. Bh4 Nh5 13. Bg3 Nxg3 14. hxg3 Bf6 15. Rad1 Re8 16. dxe5 dxe5 17. Ne3 Qc8 18. Bb5 c6 19. Bd3 Nc5 20. Bc2 Ba6 21. c4 Ne6 22. Nf5 Qc7 23. b3 c5 24.
Ne3 Nd4 25. Qd2 Bb7 26. Nd5 Bxd5 27. exd5 e4 28. Nh2 Bg5 29. f4 exf3 30. Qd3 Ne2+ 31. Kh1 Nxg3+ 32. Kg1 Ne2+ 33. Kh1 g6 34. Qxf3 Ng3+ 35.
Kg1 Nxf1 36. Rxf1 Qe7 37. Ng4 h5 38. Nf2 Qe3 39. Qxe3 Bxe3 40. Kh2 Bxf2 41. Rxf2 Kg7 42. Bd3 Rad8 43. Bf1 Re3 44. Rb2 f5 45. Be2 Kf6 46.
Kg1 h4 47. Kf2 f4 48. Bf3 g5 49. Rb1 Kf5 50. Be2 g4 51. Bd1 Rde8 52. Bc2+ Kg5 53.
Bd1 Re1 54. Rc1 g3+ 55. Kf3 R8e3# 0-1

[Event "Early-Titled-Tuesday-Blitz-December-26-2023"]
[Site "Chess.com"]
[Date "2023.12.26"]
[Round "8"]
[White "Giantgoogachess"]
[Black "Kostya0705"]
[Result "1-0"]
[WhiteElo "2399"]
[BlackElo "2552"]
[TimeControl "180+1"]
[EndTime "9:28:47 PST"]
[Termination "Giantgoogachess won by checkmate"]

1. d4 Nf6 2. c4 e6 3. Nc3 Bb4 4. e3 O-O 5. Nf3 c5 6. a3 Bxc3+ 7. bxc3 b6 8. Bd3 Ba6 9. O-O Nc6 10. Qe2 Na5 11.
e4 Ne8 12. e5 h6 13. Bxh6 gxh6 14. Qe4 f5 15. exf6 Nxf6 16. Qg6+ Kh8 17. Qxh6+ Kg8 18. Rae1 Kf7 19. Ne5+ Ke7 20. Ng6+ Kd6 21. Qf4+ Kc6 22. Nxf8 Qxf8 23. d5+ exd5 24. cxd5+ Kb7 25. Bxa6+ Kxa6 26. Re5 Qg7 27. Rf5 Rg8 28. Qf3 Ng4 29. h3 Ne5 30.
Qe4 d6 31. f4 Nec4 32. Rg5 Qh8 33. Rxg8 Qxg8 34. Qe6 Qg7 35. f5 Ne5 36. f6 Qf8 37. f7 Nb7 38. Qe8 Ng6 39. a4 Nd8 40. h4 Qh6 41. Qxd8 Qe3+ 42. Kh1 Qe2 43. Qf6 Qg4 44.
f8=Q Nxf8 45. Qxf8 Qxh4+ 46. Kg1 Qc4 47. Qf2 Qxa4 48.
Qe2+ b5 49. Qe6 Qa3 50. Qxd6+ Ka5 51. Qc7+ Ka6 52. Rf6# 1-0

[Event "Early-Titled-Tuesday-Blitz-December-26-2023"]
[Site "Chess.com"]
[Date "2023.12.26"]
[Round "8"]
[White "Zhigalko_Sergei"]
[Black "BogdanDeac"]
[Result "1-0"]
[WhiteElo "2908"]
[BlackElo "3006"]
[TimeControl "180+1"]
[EndTime "9:28:48 PST"]
[Termination "Zhigalko_Sergei won on time"]

1. e4 e5 2. Nf3 Nf6 3. d4 Nxe4 4.
Bd3 d5 5. Nxe5 Bd6 6. O-O O-O 7. Nc3 Nxc3 8. bxc3 c5 9. Qh5 g6 10. Qh6 Qc7 11. Bf4 c4 12. Be2 Nc6 13. Bf3 Nxe5 14. dxe5 Bxe5 15. Bxe5 Qxe5 16. Rfe1 Qxc3 17. Bxd5 Bf5 18.
h4 Rad8 19. Bxb7 Rfe8 20. Rxe8+ Rxe8 21. Rc1 Re1+ 22. Kh2 Rxc1 23. Qxc1 Bxc2 24. Qf4 h5 25. Bd5 Bf5 26. Bxc4 Kg7 27. Bb3 Qf6 28. g3 1-0

[Event "Early-Titled-Tuesday-Blitz-December-26-2023"]
[Site "Chess.com"]
[Date "2023.12.26"]
[Round "8"]
[White "WeAintSurePal"]
[Black "Aleksandar-Topalov"]
[Result "0-1"]
[WhiteElo "2509"]
[BlackElo "2368"]
[TimeControl "180+1"]
[EndTime "9:28:49 PST"]
[Termination "Aleksandar-Topalov won by resignation"]

1. d4 Nf6 2. Nf3 g6 3. Bg5 Bg7 4. c3 O-O 5. Nbd2 d5 6. e3 Nbd7 7. Be2 c6 8. O-O Re8 9. h3 e5 10. dxe5 Nxe5 11. Nxe5 Rxe5 12. Bh4 Qb6 13. Qb3 Re8 14.
Rfc1 Be6 15. Bg3 Ne4 16. Nxe4 dxe4 17. Bc4 Qxb3 18. axb3 Bxc4 19. bxc4 Red8 20. Rd1 a6 21. Bc7 Re8 22. Rd7 b5 23. c5 a5 24. Rxa5 Rxa5 25. Bxa5 Ra8 26. Bc7 Bf8 27. Bd6 Rc8 28. g4 f6 29. Rc7 Rxc7 30. Bxc7 Kf7 31. b4 Ke6 32. Kf1 Kd5 33. Ke2 Kc4 34. Kd2 f5 35.
Be5 Be7 36. Bd4 Kb3 37. gxf5 gxf5 38. Ke2 Kc2 39. f3 Bh4 40. fxe4 fxe4 41. Kf1 Kd3 42. Kg2 Bg5 43. Kg3 Bxe3 44. Be5 Bd2 45. h4 e3 46. Kf3 e2 47. Bg3 e1=Q 0-1

[Event "Early-Titled-Tuesday-Blitz-December-26-2023"]
[Site "Chess.com"]
[Date "2023.12.26"]
[Round "8"]
[White "C_K_G"]
[Black "egnfanclub"]
[Result "0-1"]
[WhiteElo "2048"]
[BlackElo "2343"]
[TimeControl "180+1"]
[EndTime "9:28:49 PST"]
[Termination "egnfanclub won on time"]

1. e4 e5 2. Nf3 Nc6 3. Bc4 Nf6 4. Ng5 d5 5. exd5 Nd4 6. c3 b5 7. Bf1 Nxd5 8. cxd4 Qxg5 9. Bxb5+ Kd8 10. Qf3 Bb7 11.
dxe5 Qxe5+ 12. Kd1 Bd6 13. Re1 Qf4 14. Qh3 Nf6 15. d3 Qg4+ 16. Qxg4 Nxg4 17. Be3 Bxg2 18. Rg1 Bf3+ 19. Kd2 Bxh2 20. Re1 Rb8 21. Nc3 a6 22. Bxa6 Rxb2+ 23. Kc1 Rb8 24. Bc4 Nxe3 25. fxe3 f6 26. Kc2 Bd6 27. Rab1 Ke7 28. Rb3 Rxb3 29. axb3 g5 30.
Rf1 g4 31. Ne4 Bxe4 32. dxe4 g3 33. Rg1 h5 34. Be2 h4 0-1

[Event "Early-Titled-Tuesday-Blitz-December-26-2023"]
[Site "Chess.com"]
[Date "2023.12.26"]
[Round "8"]
[White "NovozhilovSemen"]
[Black "GMBenjaminBok"]
[Result "1-0"]
[WhiteElo "2781"]
[BlackElo "2961"]
[TimeControl "180+1"]
[EndTime "9:28:52 PST"]
[Termination "NovozhilovSemen won by resignation"]

1. d4 Nf6 2. Nf3 e6 3. e3 b6 4. Bd3 Bb7 5. O-O d5 6. b3 c5 7. Bb2 Nc6 8. c4 cxd4 9. exd4 Be7 10. a3 O-O 11. Qe2 Re8 12. Rd1 Bf8 13. Nc3 g6 14. h3 Rc8 15. Rac1 Na5 16. Nd2 dxc4 17. bxc4 Qxd4 18. Nde4 Bg7 19. Nb5 Qd8 20. Bb1 Qe7 21.
Ned6 Nb3 22. Nxc8 Rxc8 23. Rc3 Nc5 24. Re3 Nh5 25. Bxg7 Kxg7 26. Nd6 Rd8 27. Nxb7 Rxd1+ 28. Qxd1 Qxb7 29. g4 Nf6 30. Qd4 h6 31. Bc2 Qe7 32. f4 Kg8 33. a4 Nfd7 34. f5 e5 35. Qd5 Qg5 36. Re2 Qc1+ 37. Kg2 Kg7 38. fxg6 fxg6 39. Rf2 Nf6 40. Qxe5 Nd7 41. Qe7+ Kg8 42. Bxg6 Qxc4 43.
Qd6 Qxa4 44. Bf5 Qb5 45. Bxd7 Nxd7 46. Qg6+ Kh8 47. Qxh6+ Kg8 48. Qg6+ Kh8 49. Qe8+ Kg7 50. Rf7+ Kh6 51. Qe6+ Kg5 52. Rf5+ 1-0

[Event "Early-Titled-Tuesday-Blitz-December-26-2023"]
[Site "Chess.com"]
[Date "2023.12.26"]
[Round "8"]
[White "Yeritsyaan"]
[Black "tantaan"]
[Result "1-0"]
[WhiteElo "2639"]
[BlackElo "2476"]
[TimeControl "180+1"]
[EndTime "9:28:52 PST"]
[Termination "Yeritsyaan won by checkmate"]

1. b3 d5 2. Bb2 c5 3. e3 Nc6 4.
Bb5 Qc7 5. f4 Nf6 6. Nf3 e6 7.
O-O Bd6 8. d3 a6 9. Bxc6+ Qxc6 10. Nbd2 d4 11. exd4 Bxf4 12. dxc5 Qxc5+ 13. Kh1 Qc7 14. Ne4 Nxe4 15. dxe4 Bd7 16. Bxg7 Rg8 17. Bf6 Bc6 18. Qe2 Rg6 19. e5 Bh6 20. Rad1 b5 21. Rd4 Bf8 22. Rfd1 Be7 23. Rf4 Rd8 24. Rxd8+ Qxd8 25.
Rd4 Qc7 26. Bxe7 Kxe7 27. Qe3 Bxf3 28. Qxf3 Qxe5 29. Rd1 Kf8 30. Rf1 f6 31. Rd1 Qc7 32.
c3 Kg7 33. h3 Rg5 34. Rf1 Qe5 35. Qb7+ Kg6 36. Qc8 Qe2 37. Qg8+ Kh5 38. Qxh7# 1-0

[Event "Early-Titled-Tuesday-Blitz-December-26-2023"]
[Site "Chess.com"]
[Date "2023.12.26"]
[Round "8"]
[White "laskakid"]
[Black "Yushko_Olga"]
[Result "1-0"]
[WhiteElo "2363"]
[BlackElo "2175"]
[TimeControl "180+1"]
[EndTime "9:28:52 PST"]
[Termination "laskakid won on time"]

1. d4 e6 2. c4 f5 3. Nc3 Nf6 4. Nf3 d6 5. Bf4 Be7 6. e3 O-O 7. Bd3 Qe8 8. O-O Nc6 9. d5 Nd8 10. dxe6 Nxe6 11. Bg3 Nc5 12. Bc2 Nce4 13. Nd5 Bd8 14.
Nxf6+ Bxf6 15. Nd4 c5 16. Nb5 Bxb2 17. Rb1 Nc3 18.
Nxc3 Bxc3 19. Bxd6 Rf6 20. Bxc5 Be6 21. Qd3 Be5 22.
Bd4 Rd8 23. Qc3 Bxh2+ 24. Kxh2 Qh5+ 25. Kg1 Rg6 26. f3 Qh4 27. Rf2 Rh6 28. Kf1 Rc8 29. c5 Rg6 30. Rxb7 Qh1+ 31. Ke2 Rxg2 32. Rxg7+ Rxg7 33. Bxg7 1-0

[Event "Early-Titled-Tuesday-Blitz-December-26-2023"]
[Site "Chess.com"]
[Date "2023.12.26"]
[Round "8"]
[White "ShahMatKanal"]
[Black "KorolDimitriy75"]
[Result "0-1"]
[WhiteElo "2511"]
[BlackElo "2375"]
[TimeControl "180+1"]
[EndTime "9:28:54 PST"]
[Termination "KorolDimitriy75 won on time"]

1. e4 c5 2. Nc3 g6 3. d4 cxd4 4.
Qxd4 Nf6 5. b3 Nc6 6. Qd3 Bg7 7. Bb2 O-O 8. O-O-O d6 9. f3 Qa5 10. Kb1 Be6 11. Nge2 Rfc8 12. Qd2 b5 13. Nf4 b4 14. Na4 Bd7 15. h4 Ne5 16. h5 Bxa4 17. bxa4 Qxa4 18. hxg6 hxg6 19. Nd5 Nxd5 20. exd5 Rc5 21. f4 Rac8 22. Bd3 Ra5 23. fxe5 Qxa2+ 24. Kc1 b3 25. c4 Ra4 26. Rh4 dxe5 27. Bb1 Raxc4+ 28. Rxc4 Rxc4+ 29. Bc3 Qa3+ 30. Qb2 Rxc3+ 0-1

[Event "Early-Titled-Tuesday-Blitz-December-26-2023"]
[Site "Chess.com"]
[Date "2023.12.26"]
[Round "8"]
[White "Witty_Alien"]
[Black "CFalcons8"]
[Result "1/2-1/2"]
[WhiteElo "2452"]
[BlackElo "2238"]
[TimeControl "180+1"]
[EndTime "9:28:54 PST"]
[Termination "Game drawn by repetition"]

1. e4 c5 2. Nf3 d6 3. d4 cxd4 4. Nxd4 Nf6 5. Nc3 a6 6. Bc4 e6 7. O-O Qc7 8. Bb3 Be7 9. f4 O-O 10.
Be3 b5 11. a3 Nc6 12. Qf3 Nxd4 13. Bxd4 Bb7 14. Rae1 e5 15. Be3 Bc6 16. f5 Qb7 17. Bg5 Nxe4 18. Bxe7 Ng5 19. Qg4 Qxe7 20. f6 gxf6 21.
h4 Kh8 22. hxg5 fxg5 23. Rf5 Bd7 24. Qxg5 f6 25. Qh5 Bxf5 26. Qxf5 Qg7 27. Bd5 Ra7 28. Ne4 Qh6 29. Nxd6 Qd2 30. Qe4 Rd7 31. Re2 Qd1+ 32.
Re1 Qd2 33. Re2 Qd1+ 34. Re1 Qd2 1/2-1/2

[Event "Early-Titled-Tuesday-Blitz-December-26-2023"]
[Site "Chess.com"]
[Date "2023.12.26"]
[Round "8"]
[White "mariofs"]
[Black "MIss_MIaMI"]
[Result "0-1"]
[WhiteElo "2223"]
[BlackElo "2433"]
[TimeControl "180+1"]
[EndTime "9:28:54 PST"]
[Termination "MIss_MIaMI won by checkmate"]

1. d4 c5 2. d5 g6 3. Nc3 Bg7 4. e4 a6 5. a4 d6 6. Be2 b6 7.
Nf3 Nf6 8. O-O O-O 9. Bf4 Nh5 10. Bg5 Nd7 11. Nd2 Nhf6 12. Nc4 Rb8 13. Ne3 Ne8 14. Kh1 Nc7 15. Qe1 b5 16. axb5 axb5 17. Ra7 b4 18. Ncd1 Nb5 19. Bxb5 Rxb5 20. Nc4 Rb7 21. Rxb7 Bxb7 22.
Nxd6 Ba6 23. Rg1 f6 24. Bf4 exd6 25. Bxd6 Re8 26. c3 bxc3 27. Nxc3 Qb6 28. Bg3 Qxb2 29.
Na4 Qd4 30. Qa5 Bc8 31. f3 Bf8 32. Nc3 c4 33. Nb5 Qc5 34. Qa4 Nb6 35. Qa5 Bd7 36. Rb1 Ra8 37. Qc3 Bxb5 38. Qxf6 Bg7 39. Qe6+ Kh8 40.
Bd6 Qd4 41. Rxb5 Qd1# 0-1